[Event "Budapest One Week IM-A 03-2025"]
[Site "Budapest"]
[Date "2025.03.21"]
[Round "7.1"]
[White "Nakahara, Kan"]
[Black "Turzo, Attila"]
[Result "1-0"]
[Annotator "TA"]
[ECO "C79"]
[WhiteElo "2113"]
[BlackElo "2272"]
[PlyCount "69"]
[EventDate "2025.03.17"]
[EventType "tourn"]
[EventCountry "HUN"]
[SourceTitle "playchess.com"]
[Source "ChessBase"]
[SourceQuality "1"]
[TimeControl "5400+30"]

1. e4 e5 2. Nf3 Nc6 3. Bb5 a6 4. Ba4 Nf6 5. O-O d6 6. Re1 Bd7 7. c3 Be7 8. h3 O-O 9. d4 Re8 10. Nbd2 Bf8 {[%emt 0:00:33] C87: Closed Ruy Lopez: Steinitz-type lines after 6 Re1 d6.} 11. d5 Nb8 12. Bc2 a5 $146 {[%emt 0:00:45] White is slightly better.} ({Predecessor:} 12... Nh5 13. Nf1 g6 14. a4 a5 15. b4 Na6 16. b5 Nc5 17. N1d2 b6 18. Nb3 Nb7 {½-½ Dios,I (1932)-Toth,I (1894) HUN-chT2 Breyer 1617 2016 (1.7)}) 13. Nf1 Na6 14. g4 h5 15. N3h2 (15. g5 $11 Nh7 16. h4) 15... hxg4 $15 16. hxg4 Nh7 17. Re3 Qh4 (17... Be7 $15) 18. Kg2 Ng5 19. Rg3 Be7 20. Nd2 $2 {[%emt 0:04:55] [#]} (20. Nf3 $16 {and life is bright.} Nxf3 21. Qxf3) 20... Nc5 (20... Qh7 $1 $17) 21. Ndf3 $14 Qh6 22. Qe2 f6 (22... c6 $14) 23. Bd2 $36 {[%emt 0:09:31][%mdl 2048] White is in control.} Qh7 (23... Kf7 $16) 24. b4 axb4 25. cxb4 Ba4 (25... Na4 $16 26. Rh1 b5) 26. Bxa4 Nxa4 27. Nxg5 fxg5 28. Rh1 Nb6 29. Bc1 Qg6 30. Nf3 {[%emt 0:02:08] aiming for Rh5.} Nd7 $2 {[%emt 0:01:05] [#] Loses the game.} (30... c6 $16) 31. Rgh3 $18 Rf8 32. Rh5 ({Resist} 32. Rh8+ $6 Kf7 33. R8h5 Ke8 $18) 32... Rxf3 $2 (32... Qe8 33. R1h3 (33. Bxg5 Nf6 $18) (33. Nxg5 Bxg5 34. Bxg5 Qg6 $18) 33... Kf7 34. Nxg5+ (34. Bxg5 Rg8 $18) 34... Bxg5 35. Bxg5 Kg8 36. Rh8+ Kf7) 33. Rh8+ {[%emt 0:00:31] White is clearly winning.} Kf7 34. Qxf3+ Nf6 35. Rxa8 {[%emt 0:00:12] Weighted Error Value: White=0.21 (precise) /Black=0.62  Mistake:       	White=2     	Black=7      Inaccurate:     	White=2     	Black=2      OK:         	White=8     	Black=4      Best:        	White=1     	Black=1} 1-0

[Event "Budapest One Week IM-A 03-2025"]
[Site "Budapest"]
[Date "2025.03.21"]
[Round "7.2"]
[White "Krizsany, Laszlo"]
[Black "Tscheuschner, Georg"]
[Result "1/2-1/2"]
[Annotator "TA"]
[ECO "A01"]
[WhiteElo "2287"]
[BlackElo "2236"]
[PlyCount "36"]
[EventDate "2025.03.17"]
[EventType "tourn"]
[EventCountry "HUN"]
[SourceTitle "playchess.com"]
[Source "ChessBase"]
[SourceQuality "1"]
[TimeControl "5400+30"]

1. b3 d5 2. Bb2 Nf6 3. e3 e6 4. Nf3 c5 5. d4 cxd4 6. Nxd4 {[%emt 0:01:50] D05: Colle System with ...e6.} Nc6 7. Be2 Bd6 8. O-O $1 {[%emt 0:03:56] The position is equal.} e5 9. Nb5 Be7 10. c4 {[%emt 0:01:04] [#] And now cxd5 would win.} Be6 11. cxd5 Nxd5 12. N1c3 {[%emt 0:01:34] A rather calm draw.   Weighted Error Value: White=0.01 (flawless) /Black=0.05 (flawless)   Inaccurate:     	White=1     	---        OK:         	White=3     	---        Best:        	White=1     	---        Strong:       	White=1     	---} {Predecessor:} Nxc3 $146 13. Nxc3 O-O 14. Qxd8 Rfxd8 15. Rfd1 f5 16. Rxd8+ Rxd8 17. Rd1 Rxd1+ 18. Bxd1 a6 {1-0 Shermuhammadov,S (2063)-Madaminov,M (2258) UZB-ch Tashkent 2021 (6)} 1/2-1/2

[Event "Budapest One Week IM-A 03-2025"]
[Site "Budapest"]
[Date "2025.03.21"]
[Round "7.3"]
[White "Chakrabarty, Reyaansh"]
[Black "Rydstrom, Tom"]
[Result "1/2-1/2"]
[Annotator "TA"]
[ECO "C50"]
[WhiteElo "2181"]
[BlackElo "2301"]
[PlyCount "108"]
[EventDate "2025.03.17"]
[EventType "tourn"]
[EventCountry "HUN"]
[SourceTitle "playchess.com"]
[Source "ChessBase"]
[SourceQuality "1"]
[TimeControl "5400+30"]

1. e4 e5 2. Nf3 Nc6 3. Bc4 d6 4. Nc3 Be7 5. h3 Nf6 6. O-O O-O 7. d4 h6 8. Re1 Re8 {[%emt 0:00:31][%cal Bf8e8,Be8e6,Be6f6][%mdl 32] C50: Hungarian Defence and Giuoco Pianissimo.} 9. dxe5 dxe5 $146 (9... Nxe5 10. Nxe5 dxe5 11. Be3 Bb4 12. Qf3 Qe7 13. Red1 c6 14. Ne2 b5 15. Bb3 a5 16. c3 {1-0 Viela,M (2102)-Viela,A (2147) Porto district-ch 2006 (5)}) 10. Qxd8 Bxd8 11. Be3 a6 12. a3 Be6 {[%emt 0:00:46] Successful Defense Black} 13. Bxe6 Rxe6 14. Rad1 Be7 15. Nd5 Bd6 16. c4 {[%emt 0:02:51][%cal Bc2c4,Bc4c5][%mdl 32] [#] Hoping for c5.} Rc8 (16... Nxe4 $6 17. c5 $16) 17. Nxf6+ Rxf6 18. c5 Bf8 19. Rd5 Re6 20. Red1 {[%emt 0:02:29] Strong Rooks White (d1+d5)} f6 21. b4 Kf7 22. g4 Ree8 23. Rd7+ Re7 24. R7d5 Ree8 25. Rd7+ Be7 26. Nh4 Red8 27. Nf5 Rxd7 28. Rxd7 Ke6 29. Rd2 (29. Nxg7+ $2 Kxd7 30. Kg2 Rh8 $19) 29... Bf8 30. h4 g6 31. Ng3 a5 32. Rb2 axb4 33. axb4 Ra8 34. Ne2 ({White should play} 34. Kg2 $11) 34... Ra4 $15 35. Bd2 Kd7 (35... Nd4 $1 $15 36. Nxd4+ exd4) 36. Bc3 (36. Kg2 $11) 36... b6 $1 37. cxb6 cxb6 (37... Nxb4 $2 38. Bxb4 cxb6 39. Bxf8 $18) 38. b5 $1 Nd4 39. Bxd4 exd4 $11 {[%emt 0:01:01][%mdl 4096] Endgame KRB-KRN} 40. Nf4 Bc5 41. Nxg6 d3 42. Rd2 Rxe4 43. Rxd3+ Ke6 44. Rg3 Rb4 (44... Kf7 $5 45. h5 $8 Bd6 $15) 45. g5 hxg5 (45... Rxb5 $2 {loses.} 46. gxh6 Bd6 47. h7 $18) 46. hxg5 fxg5 47. Rxg5 Rxb5 (47... Kf6 $1 $17 48. Rg3 Rb2 (48... Rxb5 49. Nf4 $15)) 48. Nf4+ {[%emt 0:00:46] The position is equal.} Kf6 49. Rh5 Rb3 50. Kg2 Bd6 51. Ne2 Bc5 52. f4 Ke6 53. Re5+ Kd7 54. f5 Re3 {[%emt 0:00:00] Weighted Error Value: White=0.10 (very precise) /Black=0.09 (flawless)   Mistake:       	White=2     	Black=2      Inaccurate:     	White=4     	Black=3      OK:         	White=14    	Black=17     Best:        	White=2     	Black=2      Strong:       	White=1     	Black=1} 1/2-1/2

[Event "Budapest One Week IM-A 03-2025"]
[Site "Budapest"]
[Date "2025.03.21"]
[Round "7.4"]
[White "Singh, Siddharth"]
[Black "Horvath, David"]
[Result "1/2-1/2"]
[Annotator "TA"]
[ECO "B12"]
[WhiteElo "2239"]
[BlackElo "2279"]
[PlyCount "84"]
[EventDate "2025.03.17"]
[EventType "tourn"]
[EventCountry "HUN"]
[SourceTitle "playchess.com"]
[Source "ChessBase"]
[SourceQuality "1"]
[TimeControl "5400+30"]

1. e4 c6 2. d4 d5 3. e5 Bf5 4. Nf3 e6 5. Be2 c5 6. c3 Nc6 7. O-O cxd4 {[%emt 0:00:04] B12: Caro-Kann: Advance Variation.} 8. Nxd4 Nge7 9. Bb5 Qc7 {[%emt 0:00:04] The position is equal.} 10. Na3 (10. f4 $5) 10... Be4 11. Ba4 $146 ({Predecessor:} 11. Qe2 a6 12. Ba4 Qa5 13. Bc2 Nxd4 14. cxd4 Bxc2 15. Nxc2 Rc8 16. Rd1 h5 17. h3 {1-0 Adams,M (2670)-Cummings,D (2325) Wch Seniors 50 31st 2023 (4)}) 11... a6 {[%emt 0:27:26] Against Ndb5} 12. Re1 Nc8 13. Nxc6 bxc6 14. Be3 Bxa3 (14... Rb8 $142) 15. bxa3 $11 O-O 16. Bc5 Rd8 17. h4 h6 18. Qd4 Rb8 19. Re3 (19. Bb3 $11) 19... Rb2 (19... Ne7 $1 $15 20. g4 Ng6) 20. Bb3 $14 Rb1+ 21. Rxb1 Bxb1 {[%emt 0:00:03] Black is weak on the dark squares} 22. Rg3 Bf5 23. h5 Qd7 (23... Kh8 $14 {is superior.}) 24. Qh4 Kh8 ({Black should try} 24... Kh7) 25. Qb4 Rg8 26. a4 Qc7 27. Qd4 Ne7 28. Bd6 Qd7 {[%emt 0:00:47] [#]} 29. Rf3 $1 {[%emt 0:00:28] White has more active pieces.} Nc8 30. Bc5 Be4 (30... Qc7 $14) 31. Rf4 $16 {[%emt 0:00:31] and Rxe4 would now be decisive} Rd8 32. a5 Kg8 33. Ba4 Qc7 34. Bb6 Nxb6 35. axb6 {[%emt 0:00:02][%csl Ob6] White has a strong passed pawn} (35. Qxb6 Qe7 $15) 35... Qb8 36. f3 f6 37. Qe3 (37. fxe4 fxe5 (37... Qxe5 $2 38. Qxe5 fxe5 39. Rf1 $18) 38. Qc5 exf4 $15) (37. Qc5 {is interesting.} Bd3 38. Qe7 Re8 39. Qd7) 37... fxe5 38. Rg4 (38. Rh4 $14 {is the one way to stay ahead.} Bf5 39. Qc5 (39. Bxc6 $2 {perishes.} Qd6 $19)) 38... Bf5 $17 {[%emt 0:00:09][%cal Od5d4] and ...d4! would now be decisive} 39. Rb4 {[%emt 0:00:03] [#]} Qd6 40. g4 c5 41. Rb2 Bh7 42. b7 e4 {[%emt 0:01:27] Weighted Error Value: White=0.18 (very precise) /Black=0.15 (very precise)   Mistake:       	White=2     	Black=6      Inaccurate:     	White=6     	Black=1      OK:         	White=11    	Black=17     Best:        	White=1     	Black=3      Strong:       	White=1     	---} (42... Rb8 $17) 1/2-1/2

[Event "Budapest One Week IM-A 03-2025"]
[Site "Budapest"]
[Date "2025.03.21"]
[Round "7.5"]
[White "Ratsma, Midas"]
[Black "Foldes, Marton Gabor"]
[Result "1-0"]
[Annotator "TA"]
[ECO "B48"]
[WhiteElo "2268"]
[BlackElo "2332"]
[PlyCount "105"]
[EventDate "2025.03.17"]
[EventType "tourn"]
[EventCountry "HUN"]
[SourceTitle "playchess.com"]
[Source "ChessBase"]
[SourceQuality "1"]
[TimeControl "5400+30"]

1. e4 c5 2. Nf3 e6 3. d4 cxd4 4. Nxd4 Nc6 5. Nc3 Qc7 6. Be3 a6 7. g4 {[%emt 0:00:07] B48: Sicilian: Taimanov: 5 Nc3 Qc7 6 Be3 a6 without Be2.} h6 {[%emt 0:01:57] outshines the older 7...b5.} 8. h4 Nf6 9. Nxc6 {[%emt 0:03:33] The position is equal.} bxc6 10. Qf3 d5 11. g5 hxg5 12. hxg5 Rxh1 13. Qxh1 Ng4 14. Bd2 Rb8 15. Na4 $146 (15. b3 Bc5 16. O-O-O Nxf2 17. Qh8+ Ke7 18. Qxg7 Ba3+ 19. Kb1 Nxd1 20. Nxd1 Qg3 21. Bc3 {1-0 Fabig,H (2144)-Bergner,M (2048) GER SC81 final email 2022}) 15... Qe5 16. Qg2 {[%emt 0:15:46] [#]} Nxf2 17. Kxf2 Qd4+ (17... dxe4 $2 18. Qg3 Qxg3+ 19. Kxg3 Bd6+ 20. Kf2 $18) 18. Be3 Qxa4 19. b3 Qb4 20. Bd3 Bc5 21. Qg3 Qd2+ ({Better is} 21... dxe4 $17 22. Be2 Bd6) 22. Be2 $11 Qc3 {[%emt 0:03:55] and ...Bxe3+ would now be decisive} (22... Bxe3+ {simplifies} 23. Qxe3 Qxe3+ 24. Kxe3 Ke7) 23. Bxc5 Qxc5+ (23... Qxa1 24. Qd6 (24. Qxb8 Qd4+ 25. Bxd4 f6 26. Qxc8+ Kf7 27. Qd7+ Kg6 28. Qe8+ Kxg5 29. Qh5+ Kf4 30. Qh4#)) 24. Kg2 Rb4 (24... Qxc2 $1 $15 25. Qxb8 Qxe2+ 26. Kg1 Qe3+ 27. Kf1 Kd7 (27... Qd3+ 28. Ke1 $17)) 25. Qc7 Bd7 26. Rh1 Qxc2 (26... dxe4 $2 27. Rh8+ Ke7 28. Qd8+ (28. Bxa6 $2 Qxg5+ 29. Kh2 Kf6 $19) 28... Kd6 29. Qf8+ (29. Bxa6 Qxc2+ 30. Kg1 Qc1+ 31. Bf1 c5 $17) 29... Kd5 30. Qxf7 $18 (30. Qxg7 $2 Qxc2 31. Qxf7 Qxe2+ $19)) 27. Rh8+ Ke7 28. Qd8+ Kd6 29. Qf8+ Ke5 30. Qxg7+ (30. Qxb4 $2 Qxe2+ 31. Kh1 Qf1+ (31... dxe4 32. Qc5+ Kf4 33. Qd6+ e5 34. Qxd7 $11) (31... Qxe4+ 32. Qxe4+ dxe4 33. Rd8 $14) (31... Qxa2 32. Qc3+ Kd6 33. e5+ Kc7 34. Rf8 $14) 32. Kh2 Qf4+ (32... dxe4 $2 33. Qc5+ Kf4 34. Rh4+ Kf3 35. Qc3+ e3 36. Rh3+ Kg4 37. Qxe3 $18) 33. Kg2 Qxg5+ (33... dxe4 34. Qc5#) 34. Kf3 Qf4+ 35. Ke2 Kf6 $19 (35... Qxe4+ 36. Qxe4+ dxe4 37. Rg8 $17)) 30... Kd6 $1 31. Qf8+ Ke5 32. Qxb4 Qxe2+ {[%emt 0:00:02][%mdl 4096] Endgame KQR-KQB} 33. Kg1 Qd1+ (33... Qe3+ $11 {keeps the balance.} 34. Kh2 c5 35. Qb8+ Kxe4 36. Rh4+ Kf5) 34. Kf2 $16 {[%emt 0:01:19] Qc3+ is the strong threat. Black is now going downhill.} Qc2+ {[%emt 0:00:06] [#]} 35. Ke3 $1 Qc1+ {[%emt 0:00:22] [#]} 36. Qd2 $1 {[%emt 0:00:20] Really sharp! White is more active.} d4+ ({Don't go for} 36... Qxd2+ $2 37. Kxd2 Kd6 38. Rf8 $18) 37. Ke2 Qxd2+ (37... Qg1) 38. Kxd2 $18 {[%emt 0:00:05] KR-KB} c5 39. Rf8 Bc6 40. Rxf7 Bxe4 41. Rc7 Kf4 42. Rxc5 e5 43. Ra5 Bf5 44. Rxa6 Kxg5 45. Rd6 Kf4 46. b4 Kf3 47. b5 {[%emt 0:00:18] White threatens Rf6 and mate.} e4 48. Rxd4 {[%emt 0:00:15] White mates.} Kf2 49. Kc3 Bg6 50. b6 e3 51. Rf4+ Kg3 52. Rf1 Kg2 53. Re1 {[%emt 0:00:08] Weighted Error Value: White=0.09 (flawless) /Black=1.00  Mistake:       	---       	Black=4      Inaccurate:     	White=3     	Black=1      OK:         	White=15    	Black=13     Best:        	White=4     	Black=2      Strong:       	White=2     	Black=1      Brilliant:      	---       	Black=1} 1-0

[Event "Budapest One Week IM-A 03-2025"]
[Site "Budapest"]
[Date "2025.03.21"]
[Round "8.1"]
[White "Turzo, Attila"]
[Black "Foldes, Marton Gabor"]
[Result "0-1"]
[Annotator "TA"]
[ECO "D37"]
[WhiteElo "2272"]
[BlackElo "2332"]
[PlyCount "56"]
[EventDate "2025.03.17"]
[EventType "tourn"]
[EventCountry "HUN"]
[SourceTitle "playchess.com"]
[Source "ChessBase"]
[SourceQuality "1"]
[TimeControl "5400+30"]

1. d4 d5 2. c4 e6 3. Nf3 Nf6 4. Nc3 h6 5. e3 Nbd7 6. Bd3 {[%emt 0:00:43] D37: Queen's Gambit Declined: 5 Bf4.} b6 7. O-O Bb7 8. b3 {[%emt 0:00:04] White has an edge.} Bd6 9. Bb2 O-O 10. Qc2 c5 $146 (10... Re8 11. Nd2 e5 12. dxe5 Nxe5 13. Be2 dxc4 14. Nxc4 Nxc4 15. Bxc4 Ng4 16. g3 Qg5 17. h4 Qh5 18. Be2 Qxh4 {0-1 Kieferle,P-Mersmann,S DLM U20 Girls 1995 (7)}) 11. cxd5 exd5 12. Rfe1 Rc8 13. Bf5 cxd4 14. Nxd4 Ne4 15. Ndb5 Bb8 16. Qe2 Rc5 (16... g6 $11 17. Nxe4 dxe4) 17. b4 Nxc3 18. Bxc3 (18. Nxc3 {simplifies} Rc4 19. Rad1 Nf6 20. g3) 18... Rc4 19. Bd3 {[%emt 0:01:18][%mdl 8192] [#]} (19. Bb2 $11) 19... Rxc3 $1 $19 20. Nxc3 {[%emt 0:00:05] Threatens to win with Rac1.} Qc7 $1 $40 {[%emt 0:00:02][%csl LRc3,LRh2][%mdl 128] Black has strong attack.} 21. Qd2 $2 ({Avoid the trap} 21. Qg4 $2 Qxh2+ (21... Qxc3 $2 22. Qxd7 Bc6 23. Qf5 $19) 22. Kf1 Ne5 $19) (21. f4 Qxc3 22. a3) 21... Qxh2+ 22. Kf1 {[%emt 0:00:04] [#]} d4 $1 23. Ne4 f5 24. f4 fxe4 25. Bc4+ Kh8 26. Qxd4 Ne5 {[%emt 0:01:02][%cal Oe5d3] Threatens to win with ...Nd3!.} 27. Be2 {[%emt 0:05:21] [#]} Nd3 $1 28. Bxd3 (28. Bg4 Be5) 28... exd3 {[%emt 0:00:02] Weighted Error Value: White=1.08/Black=0.06 (flawless)   Loses game:     	White=1     	---        Mistake:       	White=1     	Black=1      Inaccurate:     	White=1     	---        OK:         	White=4     	Black=5      Best:        	---       	Black=2      Brilliant:      	---       	Black=1} 0-1

[Event "Budapest One Week IM-A 03-2025"]
[Site "Budapest"]
[Date "2025.03.21"]
[Round "8.2"]
[White "Horvath, David"]
[Black "Ratsma, Midas"]
[Result "1/2-1/2"]
[Annotator "TA"]
[ECO "E04"]
[WhiteElo "2279"]
[BlackElo "2268"]
[PlyCount "193"]
[EventDate "2025.03.17"]
[EventType "tourn"]
[EventCountry "HUN"]
[SourceTitle "playchess.com"]
[Source "ChessBase"]
[SourceQuality "1"]
[TimeControl "5400+30"]

1. d4 Nf6 2. c4 e6 3. Nf3 d5 4. g3 dxc4 5. Bg2 c5 6. O-O Nc6 7. dxc5 Qxd1 8. Rxd1 Bxc5 9. Nbd2 Ng4 10. Ne4 {[%emt 0:03:36] White sacrificed a pawn E04: Open Catalan: 5 Nf3.} Be7 11. h3 Nf6 12. Nxf6+ Bxf6 13. Nd2 Na5 14. Ne4 Be7 15. Bd2 Nc6 16. Rac1 e5 17. Rxc4 Be6 {[%emt 0:00:32] [#]} 18. Nf6+ $1 Bxf6 19. Rxc6 Rd8 (19... bxc6 $6 20. Bxc6+ Kd8 21. Bxa8 $18) 20. Rc7 Bxa2 $146 (20... O-O 21. Rxb7 Rd6 22. Rxa7 Rfd8 23. Ra8 Rxa8 24. Bxa8 Bxa2 25. Ra1 Rxd2 26. Rxa2 Rxe2 27. Bd5 Kf8 28. Ra8+ {½-½ Mack,J-Mulde,R DESC T0212 email 2010}) 21. Rxb7 O-O 22. Kf1 (22. Rxa7 $2 Bb3 23. Re1 Rxd2 $19) 22... Rd6 23. Bf3 (23. Rxa7 Bb3 24. Rb7 Bc2 $19 (24... Bxd1 $2 25. Bb4 $19)) 23... Rfd8 24. Ra1 (24. Rxa7 $2 Bb3 (24... Rxd2 25. Rxd2 Rxd2 26. Ra8+ Rd8 27. Rxa2 $16) 25. Rc1 Rxd2 $19) 24... Be6 25. Bc3 Bxh3+ 26. Ke1 a6 27. Ra7 {[%emt 0:06:40][%mdl 1024] White has compensation.} Bc8 28. Be4 h5 29. Ba5 Re8 30. Rd1 Rxd1+ 31. Kxd1 Bd8 32. b4 Bxa5 33. bxa5 $11 {[%emt 0:00:01][%mdl 4096] Endgame KRB-KRB. Black is a pawn up.} g5 34. Ke1 h4 35. gxh4 gxh4 36. Kf1 Rd8 37. Kg2 Kg7 38. Bd3 Rd5 39. Rc7 {[%emt 0:00:29] Against Rc5} Bg4 40. f3 Bh5 41. Bxa6 Rxa5 42. Bc4 Ra1 43. Bd3 Kf6 44. Rc4 Kg5 45. Rc5 f6 46. Rc4 Ra5 47. Kh3 (47. Rc8 $11) 47... Ra1 (47... f5 $5) 48. Kg2 f5 (48... Rd1 $15) 49. Rb4 (49. Rc5 $11) 49... Bg6 (49... Ra3 $17) 50. Kf2 (50. Rb5 $1 $11 {keeps the balance.}) 50... Rc1 (50... h3 $17 {( -> ...h2)} 51. Kg3 f4+ 52. Kxh3 Bxd3 53. exd3 Rd1) 51. Rb5 Kf6 52. Rb6+ Kg7 53. Rb7+ Kh6 54. Rb6 Kg5 55. Rb5 Kf6 56. Rb6+ Kf7 57. Rb7+ Kf8 58. Rb5 (58. Rb8+ $11 Kg7 59. Rb7+ Kf6 60. Rb6+) 58... e4 $15 59. Rb1 Rc5 60. Rb5 Rc1 61. Rb1 $1 Rc3 62. Ba6 Kg7 63. Rh1 ({Better is} 63. fxe4 $1 $11 fxe4 64. Rh1) 63... Ra3 64. Bb5 Rb3 65. Ba6 e3+ (65... Rb6 $15 66. fxe4 Rxa6 (66... fxe4 67. Bc8 $11) 67. exf5 Bxf5 68. Rxh4 Kg6) 66. Kg2 $11 {[%emt 0:00:09] The position is equal.} Rb4 67. Bd3 Kf6 68. Ra1 Bf7 69. Kh3 Bc4 70. Bxc4 Rxc4 {[%emt 0:00:04] KR-KR. Black is a pawn up.} 71. Ra3 f4 72. Kxh4 Rc2 73. Kg4 Ke5 74. Ra4 Rxe2 75. Re4+ Kf6 76. Kxf4 Re1 77. Ra4 e2 78. Ke3 $1 Kf5 79. Ra5+ Kf6 80. Kf2 Rb1 81. Kxe2 Rb2+ 82. Ke3 Rb3+ 83. Kf4 Rb4+ 84. Kg3 Rb6 85. Kg4 Rc6 86. f4 Rb6 87. Rh5 Kg7 {[%emt 0:00:33] Inhibits Rh6.} 88. Kg5 Rb5+ 89. f5 Rb1 90. f6+ Kf7 91. Rh7+ Kf8 92. Rh8+ Kf7 93. Rh7+ Kf8 94. Rg7 Rg1+ 95. Kh6 Rxg7 96. fxg7+ Kg8 97. Kg6 {Weighted Error Value: White=0.14 (very precise) /Black=0.12 (very precise)   Mistake:       	White=5     	Black=4      Inaccurate:     	White=3     	Black=4      OK:         	White=48    	Black=36     Best:        	White=4     	Black=4      Strong:       	White=2     	---} 1/2-1/2

[Event "Budapest One Week IM-A 03-2025"]
[Site "Budapest"]
[Date "2025.03.21"]
[Round "8.3"]
[White "Rydstrom, Tom"]
[Black "Singh, Siddharth"]
[Result "1/2-1/2"]
[Annotator "TA"]
[ECO "B99"]
[WhiteElo "2301"]
[BlackElo "2239"]
[PlyCount "107"]
[EventDate "2025.03.17"]
[EventType "tourn"]
[EventCountry "HUN"]
[SourceTitle "playchess.com"]
[Source "ChessBase"]
[SourceQuality "1"]
[TimeControl "5400+30"]

1. e4 c5 2. Nf3 d6 3. d4 cxd4 4. Nxd4 Nf6 5. Nc3 a6 6. Bg5 e6 7. f4 Be7 8. Qf3 Qc7 9. O-O-O Nbd7 10. g4 h6 11. Bxf6 Bxf6 12. h4 Nb6 {[%emt 0:00:05] B99: Sicilian Najdorf: 6 Bg5 e6 7 f4 Be7 8 Qf3 Qc7 9 0-0-0 Nbd7.} (12... Qb6 $14 13. Nb3 Qc7) 13. Be2 (13. g5 $16 Bxd4 14. Rxd4) 13... Bd7 $14 14. g5 Be7 {[%emt 0:00:14] [#] White is slightly better.} 15. g6 $1 fxg6 (15... O-O 16. Rhg1) 16. Rhg1 $146 {[%emt 0:01:39] White is more active.} (16. Qh3 $16) ({Predecessor:} 16. Qg4 O-O-O 17. Nxe6 Bxe6 18. Qxe6+ Kb8 19. Qxg6 d5 20. Nxd5 Nxd5 21. exd5 Qxf4+ 22. Kb1 {½-½ Nastore,P (2252)-Tudor,H (2347) ROM-chT Mamaia 2024 (2.18)}) 16... O-O-O 17. Rxg6 Bf6 18. Kb1 Rhf8 19. Qe3 Kb8 20. a3 Bc8 21. h5 Qc5 (21... e5 $11 22. fxe5 Bxe5) 22. Qd3 e5 23. Nb3 Qc7 24. f5 d5 $1 25. exd5 e4 $1 26. d6 Qxc3 27. Qxc3 {[%emt 0:00:44] Successful Defense White} Bxc3 28. bxc3 Na4 $132 {[%emt 0:00:01][%mdl 2048] Dodges Nc5. Black is fighting back} 29. Rg3 e3 (29... Bxf5 30. Rd4 Bd7 31. Rxe4 $16) 30. Rxe3 Rfe8 31. Rxe8 Nxc3+ 32. Ka1 Rxe8 33. d7 Bxd7 34. Rxd7 Rxe2 $11 {[%emt 0:00:11][%mdl 4096] Endgame KRN-KRN} 35. Kb2 (35. Rxg7 $2 Rxc2 36. Rg8+ Ka7 $19) 35... Na4+ 36. Kc1 Re5 (36... Rg2 $11) 37. Nd4 $16 Nc3 (37... Re1+ $16 38. Kd2 Re4) 38. Rxg7 $18 Ne4 39. Kb2 Rd5 40. c3 Nf6 41. Rg6 Nxh5 42. Rxh6 Ng3 (42... Nf4 $16 43. f6 Rd7) 43. f6 Rd7 44. Rh8+ Ka7 {[%emt 0:01:36] [#]} 45. Rf8 {[%emt 0:01:29] Dodges Rf7} Nf1 $2 (45... Kb6 46. f7 Nf1) 46. f7 {[%emt 0:00:06][%cal Of8a8] Ra8+! is the strong threat.} Kb6 47. Ka2 $2 (47. Nf3) 47... Nd2 48. Nf5 ({Better is} 48. Nc6 $18 Nc4 49. Kb3 Na5+ 50. Nxa5 Kxa5 51. c4) 48... Nf3 {[%emt 0:04:19] [#]} (48... Nc4 $16 {was called for.}) 49. Nh6 (49. c4 $1 $18 {has better winning chances.}) 49... Ne5 $16 50. Kb3 Ka5 51. c4 (51. a4 $16) 51... Rd3+ $11 {[%emt 0:00:47] The position is equal.} 52. Kc2 Rf3 $1 53. c5 Rf6 54. Re8 {[%emt 0:01:52] Weighted Error Value: White=0.26 (precise) /Black=0.24 (precise)   Loses game:     	---       	Black=1      Mistake:       	White=6     	Black=5      Inaccurate:     	White=2     	Black=2      OK:         	White=21    	Black=17     Best:        	White=4     	Black=5      Strong:       	---       	Black=3} 1/2-1/2

[Event "Budapest One Week IM-A 03-2025"]
[Site "Budapest"]
[Date "2025.03.21"]
[Round "8.4"]
[White "Tscheuschner, Georg"]
[Black "Chakrabarty, Reyaansh"]
[Result "0-1"]
[Annotator "TA"]
[ECO "A06"]
[WhiteElo "2236"]
[BlackElo "2181"]
[PlyCount "54"]
[EventDate "2025.03.17"]
[EventType "tourn"]
[EventCountry "HUN"]
[SourceTitle "playchess.com"]
[Source "ChessBase"]
[SourceQuality "1"]
[TimeControl "5400+30"]

1. Nf3 d5 2. c4 e6 3. e3 Nf6 4. Nc3 Bd6 5. b3 O-O 6. Bb2 c5 7. cxd5 exd5 8. d4 cxd4 9. Nxd4 Nc6 10. Be2 Nxd4 $1 {[%emt 0:00:03] 10...Nxd4 is better than 10...Re8.} 11. Qxd4 Re8 12. O-O Be5 {[%emt 0:00:01] D32: Tarrasch Defence: Sidelines and lines without g3.} 13. Qd3 Ne4 14. Nxe4 {[%emt 0:00:28] A sharp opening} Bxb2 {[%emt 0:00:05] White has an edge.} 15. Rad1 (15. Rab1 Be5 16. Ng3 Be6 $11) 15... Bf5 (15... Rxe4 $2 16. Qxe4 (16. Qxd5 $2 {is the wrong capture.} Qxd5 17. Rxd5 Bf6 $19) 16... Be6 17. Qf4 $18) 16. Qd2 $1 Bxe4 17. Qxb2 Qg5 $146 {[%emt 0:00:02][%csl Ge4][%cal Rg5g2] [#]} (17... Rc8 18. Rc1 Qb6 19. Rfd1 h6 20. Qd2 Red8 21. Bd3 Qg6 22. Bxe4 Qxe4 23. g3 Rxc1 24. Qxc1 {1-0 Giri,A (2767)-Dominguez Perez,L (2752) EU-Cup 32nd Novi Sad 2016 (7.2)}) 18. g3 h5 19. Qd4 h4 20. g4 Qe7 21. Rc1 Qa3 22. Qd2 Rac8 23. f3 Bg6 $1 24. Rfe1 Rc5 25. Rxc5 Qxc5 26. Bf1 Rc8 27. Kf2 $2 {[%emt 0:02:38][%mdl 8192] [#]} (27. Rd1 $11 {and White is okay.}) 27... Qd6 $1 {[%emt 0:00:06] Weighted Error Value: White=0.40/Black=0.04 (flawless)   Loses game:     	White=1     	---        OK:         	White=8     	Black=6      Best:        	White=1     	---        Strong:       	White=1     	Black=2} 0-1